 Dungeon Crawl Stone Soup version 0.22-a0-301-gf0fe05c (webtiles) character file.

107 galech the Covered (level 4, -2/40 HPs)
             Began as a Minotaur Fighter on Mar 26, 2018.
             Slain by a two-headed ogre
             ... wielding a +0 giant spiked club
              (4 damage)
             ... on level 3 of the Dungeon.
             The game lasted 00:02:15 (1293 turns).

galech the Covered (Minotaur Fighter)               Turns: 1293, Time: 00:02:15

Health: -2/40      AC:  7    Str: 20    XL:     4   Next: 56%
Magic:  3/3        EV:  8    Int:  5    God:
Gold:   136        SH:  9    Dex: 11    Spells: 3/3 levels left

rFire    . . .     SeeInvis .   a - +0 war axe
rCold    . . .     Gourm    .   c - +0 shield
rNeg     . . .     Faith    .   b - +0 scale mail
rPois    .         Spirit   .   (helmet restricted)
rElec    .         Reflect  .   (no cloak)
rCorr    .         Harm     .   (no gloves)
MR       .....                  (no boots)
Stlth    ..........             (no amulet)
HPRegen  0.13/turn              (no ring)
MPRegen  0.08/turn              (no ring)

@: no status effects
A: retaliatory headbutt, horns 2
a: no special abilities


You were on level 3 of the Dungeon.
You were not hungry.

You visited 1 branch of the dungeon, and saw 3 of its levels.

You collected 136 gold pieces.

Inventory:

Hand Weapons
 a - a +0 war axe (weapon)
Armour
 b - a +0 scale mail (worn)
 c - a +0 shield (worn)
Scrolls
 e - a scroll of fog {unknown}
 g - 4 scrolls of identify {unknown}
 l - a scroll of remove curse {unknown}
Potions
 d - a potion of might
 h - 2 potions of heal wounds {unknown}
 i - a potion of berserk rage {unknown}
 j - a potion of haste {unknown}
 k - a potion of curing {unknown}
 m - a potion of magic {unknown}
 n - a potion of lignification {unknown}
Comestibles
 f - 3 rations


   Skills:
 + Level 4.2 Fighting
 + Level 4.0 Axes
 + Level 4.4 Armour
 + Level 1.2 Dodging
 + Level 0.1 Stealth
 + Level 4.0 Shields


You had 3 spell levels left.
You didn't know any spells.

Dungeon Overview and Level Annotations

Branches:
Dungeon (3/15)

Altars:


Innate Abilities, Weirdness & Mutations

You reflexively headbutt those who attack you in melee.
You have a pair of horns on your head.


Message History

The two-headed ogre shouts in stereo!
You block the hobgoblin's attack.
You barely miss the hobgoblin. You block the hobgoblin's attack.
You barely miss the hobgoblin. The hobgoblin closely misses you.
You furiously retaliate!
You headbutt the hobgoblin!
You kill the hobgoblin!
The two-headed ogre hits you with a giant spiked club!!
Ouch! That really hurt!
* * * LOW HITPOINT WARNING * * *
You block the two-headed ogre's attack.
Things that are here:
a club; a hobgoblin corpse You are too injured to fight recklessly!
You are too injured to fight recklessly!
You hit the two-headed ogre. You headbutt the two-headed ogre!
The two-headed ogre is lightly wounded.
The two-headed ogre hits you with a giant spiked club!
* * * LOW HITPOINT WARNING * * *
The two-headed ogre hits you with a giant spiked club.
You die...

#.#####.# #.##.....
#.##..... #.##..#.(
#..)..... ####..##. #####
#..### ##############...#
#..##
#......O@........###..<#
#.########.###.......#.##
#.# #.# ##.......... #)#
####.# ##..####... #.#
#....# #..# #.## #.#
#.#### #..# #.# #.# #.#
#..# #.# #.# #.# #..# #.#
#.# #.# #####..####.#


You could see a two-headed ogre.

Vanquished Creatures
  Jessica (D:3)
  An adder (D:2)
  3 worms
  A dart slug (D:1)
  A leopard gecko (D:3)
  An orc (D:3)
  6 bats
  2 giant cockroaches
  3 goblins
  12 hobgoblins
  7 jackals
  5 kobolds
  2 quokkas
  A ball python (D:1)
  7 rats
53 creatures vanquished.

Notes
Turn   | Place    | Note
-------+----------+-------------------------------------------
     0 | D:1      | galech the Minotaur Fighter began the quest for the Orb.
     0 | D:1      | Reached XP level 1. HP: 19/19 MP: 0/0
   141 | D:1      | Reached XP level 2. HP: 21/27 MP: 1/1
   545 | D:2      | Reached XP level 3. HP: 25/33 MP: 2/2
  1117 | D:3      | Noticed Jessica
  1119 | D:3      | Reached XP level 4. HP: 40/40 MP: 3/3
  1124 | D:3      | Killed Jessica
  1124 | D:3      | Reached skill level 1 in Dodging
  1279 | D:3      | Noticed a two-headed ogre
  1293 | D:3      | HP: 2/40 [two-headed ogre/giant spiked club (8)]
  1293 | D:3      | Slain by a two-headed ogre

Vault maps used:
D:1:      matt_arrival_grand_opening
D:2:      grunt_ministairs_12
D:3:      kennysheep_vampire_church, grunt_temple_overflow_diamond,
          portal_sewer_entry_b, uniq_jessica

Skill      XL: |  1  2  3  4 |
---------------+-------------+-----
Fighting       | 4 |  4.2
Armour         | 4 |  4.4
Axes           | 3 4 |  4.0
Shields        | 4 |  4.0
Dodging        | 1 |  1.2
Stealth        | |  0.1

Action                   |  1- 3 |  4- 6 || total
-------------------------+-------+-------++-------
Melee: War axe           |   101 |    17 ||   118
       Headbutt          |    17 |     4 ||    21
  Eat: Chunk             |     1 |       ||     1
Armor: Scale mail        |    43 |     4 ||    47
Dodge: Dodged            |    31 |     7 ||    38
Block: Shield            |    50 |    12 ||    62

Table legend:
 A = Spawn XP
 B = Non-spawn XP
 C = Spawn XP percentage of total XP
 D = Spawn monster count
 E = Non-spawn monster count
 F = Spawn count percentage of total count
 G = Total turns spent on level
                    A         B        C        D         E        F      G
               +---------+---------+-------+---------+---------+-------+---------
         Total |       0 |     153 |   0.0 |       0 |      53 |   0.0 |  1293
               +---------+---------+-------+---------+---------+-------+---------
           D:1 |       0 |      37 |   0.0 |       0 |      20 |   0.0 |   492
           D:2 |       0 |      51 |   0.0 |       0 |      20 |   0.0 |   567
           D:3 |       0 |      65 |   0.0 |       0 |      13 |   0.0 |   234
               +---------+---------+-------+---------+---------+-------+---------
